 Dungeon Crawl Stone Soup version 0.25.0-46-gbd7b0854d2 (webtiles) character file.

Game seed: 4527088436093585826

17077 funkygono the Grappler (level 12, -1/104 HPs)
             Began as a Troll Hunter on July 16, 2020.
             Was a High Priest of Okawaru.
             Slain by a frost giant
             ... wielding a +1 battleaxe of freezing
              (25 damage)
             ... in an ice cave.
             The game lasted 00:31:14 (9714 turns).

funkygono the Grappler (Troll Hunter)               Turns: 9714, Time: 00:31:14

Health: -1/104     AC: 12    Str: 26    XL:     12   Next: 15%
Magic:  9/11       EV: 18    Int:  7    God:    Okawaru [*****.]
Gold:   545        SH: 16    Dex: 17    Spells: 10/11 levels left

rFire    + . .     SeeInvis .     - Unarmed
rCold    + . .     Gourm    +   a - +3 kite shield
rNeg     . . .     Faith    .   p - +2 robe {MR+}
rPois    .         Spirit   .   (helmet restricted)
rElec    .         Reflect  .   v - scarf {rC+ rF+}
rCorr    .         Harm     .   (gloves unavailable)
MR       +....                  (boots unavailable)
Stlth    +++.......             (no amulet)
HPRegen  0.67/turn              j - +4 ring of protection
MPRegen  0.12/turn              t - +6 ring of dexterity

@: heroism
A: large, unfitting armour, claws 3, fast metabolism 3, gourmand, regeneration
1, shaggy fur 1, tough skin 3
a: Heroism, Finesse, Renounce Religion


You were in an ice cave.
You worshipped Okawaru.
Okawaru was extremely pleased with you.
You were very full.

You visited 2 branches of the dungeon, and saw 12 of its levels.
You also visited: Ossuary and Ice Cave.

You collected 545 gold pieces.

Inventory:

Hand Weapons
 O - a +0 morningstar
Missiles
 r - 32 poisoned darts
 E - 3 boomerangs
 K - 9 atropa-tipped darts
 P - 5 javelins (quivered)
Armour
 a - a +3 kite shield (worn)
 o - a +0 cloak
 p - a +2 robe of magic resistance (worn)
 v - a scarf of resistance (worn)
 G - +2 steam dragon scales
Magical Staves
 y - an uncursed staff of death {unknown}
 D - an uncursed staff of fire {unknown}
 J - an uncursed staff of death {unknown}
Jewellery
 j - a +4 ring of protection (left claw)
 m - an uncursed ring of magical power
 s - an uncursed ring of see invisible
 t - a +6 ring of dexterity (right claw)
 L - an uncursed ring of protection from magic
Wands
 g - a wand of random effects (27)
 F - a wand of digging (4)
 M - a wand of flame (26)
Scrolls
 c - 5 scrolls of teleportation
 d - 3 scrolls of remove curse
 l - a scroll of enchant weapon
 u - 2 scrolls of amnesia
 A - 2 scrolls of magic mapping
 N - 2 scrolls of identify
 Q - a scroll of brand weapon {unknown}
 R - a scroll of silence
Potions
 e - a potion of berserk rage
 h - 2 potions of stabbing
 i - 5 potions of curing
 k - 3 potions of invisibility
 n - a potion of magic
 q - 3 potions of lignification
 w - 4 potions of heal wounds
 x - 2 potions of cancellation
 z - 5 potions of resistance
 B - 3 potions of haste
 C - 3 potions of flight
 H - a potion of might {unknown}
 I - a potion of mutation {unknown}
Comestibles
 b - 25 chunks of flesh
 f - 35 rations


   Skills:
 + Level 2.9(7.9) Fighting
 + Level 7.8(12.8) Throwing
 + Level 7.0(12.0) Dodging
 - Level 1.0(6.0) Stealth
 + Level 7.6(12.6) Shields
 + Level 13.2(18.2) Unarmed Combat
 + Level 0.5 Conjurations


You had 10 spell levels left.
You knew the following spells:

 Your Spells              Type           Power        Failure   Level  Hunger
a - Foxfire               Conj/Fire      #...         38%         1    ##.....

Your spell library contained the following spells:

 Spells                   Type           Power        Failure   Level  Hunger
 Infusion                 Chrm           #...         43%         1    ##.....
 Sting                    Tmut/Pois      #...         43%         1    ##.....
 Poisonous Vapours        Pois/Air       #.....       56%         2    ###....
 Shroud of Golubria       Chrm/Tloc      #.....       56%         2    ###....
 Song of Slaying          Chrm           #.......     56%         2    ###....
 Conjure Flame            Conj/Fire      #.......     77%         3    ####...
 Mephitic Cloud           Conj/Pois/Air  #.......     78%         3    ####...
 Ignite Poison            Fire/Tmut/Pois #.......     80%         3    ####...
 Inner Flame              Hex/Fire       #.......     80%         3    ####...
 Ozocubu's Armour         Chrm/Ice       #.......     80%         3    ####...
 Spectral Weapon          Hex/Chrm       #.......     80%         3    ####...
 Olgreb's Toxic Radiance  Pois           #.......     99%         4    #####..
 Sticky Flame             Conj/Fire      #.......     99%         4    #####..
 Alistair's Intoxication  Tmut/Pois      #.......     100%        5    ######.
 Excruciating Wounds      Chrm/Necr      #.........   100%        5    ######.
 Fireball                 Conj/Fire      #.........   100%        5    ######.
 Silence                  Hex/Air        #.........   100%        5    ######.
 Freezing Cloud           Conj/Ice/Air   #.........   100%        6    #######
 Shatter                  Erth           #.........   100%        9    #######


Dungeon Overview and Level Annotations

Branches:
Dungeon (11/15)            Temple (1/1) D:5            Lair (0/6) D:9
Ossuary (visited)           IceCv (1/1)
    Orc: D:9-12

Altars:
Ashenzari
Cheibriados
Dithmenos
Elyvilon
Gozag
Hepliaklqana
Kikubaaqudgha
Makhleb
Nemelex Xobeh
Okawaru
Qazlal
Ru
Sif Muna
Trog
Uskayaw
Vehumet
Wu Jian
Xom
Yredelemnul
Zin
The Shining One

Annotations:
D:8 2 transporters, IHuginn's ghost, novice HOFi


Innate Abilities, Weirdness & Mutations

You are too large for most types of armour.
You have claws for hands.
Your metabolism is lightning-fast.
You like to eat raw meat.
Your natural rate of healing is unusually fast.
You are covered in fur. (AC +1)
You have extremely tough skin. (AC +3)


Message History

The frost giant freezes you.
You claw the frost giant!
The frost giant is moderately wounded.
You scratch the frost giant but do no damage.
The frost giant is moderately wounded.
You block the frost giant's attack.
You mangle the frost giant!!
The frost giant is heavily wounded.
You scratch the frost giant.
The frost giant is heavily wounded.
The frost giant hits you with a +1 battleaxe of freezing!!
* * * LOW HITPOINT WARNING * * *
The frost giant freezes you.
* * * LOW HITPOINT WARNING * * *
You scratch the frost giant.
The frost giant is heavily wounded.
You completely miss the frost giant.
The frost giant is heavily wounded.
The frost giant hits you with a +1 battleaxe of freezing!!
You die...

######## ##
####.....Y##
Y####.....#..Yh####
..#..C.#######YC@.####
#.h..### ####....###
###### ###....###
###÷...### ###....#
###..# ####..##
####....## ###.÷....##


You could see a frost giant, a polar bear and 3 yaks.

Vanquished Creatures
  Erolcha (D:11)
  2 wizards (D:10)
  Pikel (D:7)
  2 deep elf magi (D:10)
  An ice statue (IceCv)
  Joseph (D:10)
  Maggie (D:7)
  2 rime drakes (D:11)
  A hornet (D:9)
  14 polar bears (IceCv)
  2 hippogriffs
  17 yaks
  Edmund (D:5)
  Menkaure (D:7)
  A water moccasin (D:8)
  4 ice beasts
  4 orc warriors
  2 sky beasts
  4 slaves (D:7)
  A phantom (D:7)
  4 ogres
  5 wolves (IceCv)
  2 necrophages
  5 centaurs
  2 big kobolds (D:9)
  6 bullfrogs
  A gnoll sergeant (D:8)
  A wyvern skeleton (D:9)
  4 killer bees (D:11)
  6 wights
  5 howler monkeys
  2 crimson imps
  5 bullfrog zombies
  5 centaur zombies
  2 quasits
  A jelly (D:6)
  3 centaur skeletons
  9 hounds
  Crazy Yiuf (D:3)
  2 bullfrog skeletons
  3 orc priests
  An iguana (D:5)
  7 orc wizards
  2 gnoll shamans
  10 worker ants
  3 hound zombies (Ossuary)
  A hound skeleton (D:5)
  14 mummies (Ossuary)
  A howler monkey zombie (Ossuary)
  2 worker ant zombies
  23 gnolls
  15 adders
  5 shadow imps
  An adder zombie (Ossuary)
  An ooze (D:2)
  2 adder skeletons
  5 worms
  6 dart slugs
  7 leopard geckos
  32 orcs
  9 bats
  3 giant cockroaches
  8 hobgoblins
  12 jackals
  2 quokkas
  2 ball pythons
  A ball python skeleton (D:5)
  5 frilled lizards
  A giant cockroach zombie (Ossuary)
  3 goblins
  A jackal skeleton (D:4)
  11 kobolds
  A leopard gecko zombie (Ossuary)
  2 quokka zombies (Ossuary)
  5 rats
  A plant (D:9)
342 creatures vanquished.

Vanquished Creatures (others)
  4 foxfires (D:9)
  2 withered plants (Ossuary)
6 creatures vanquished.

Grand Total: 348 creatures vanquished

Notes
Turn   | Place    | Note
-------+----------+-------------------------------------------
     0 | D:1      | funkygono the Troll Hunter began the quest for the Orb.
     0 | D:1      | Reached XP level 1. HP: 19/19 MP: 0/0
   133 | D:1      | Reached XP level 2. HP: 26/27 MP: 1/1
   692 | D:2      | Reached XP level 3. HP: 30/33 MP: 2/2
   827 | D:2      | Found a white marble altar of Elyvilon.
   873 | D:2      | Reached XP level 4. HP: 41/41 MP: 3/3
   884 | D:2      | Reached skill level 1 in Shields
  1238 | D:3      | Reached skill level 1 in Unarmed Combat
  1263 | D:3      | Reached XP level 5. HP: 49/49 MP: 4/4
  1347 | D:3      | Found a runed translucent door.
  1348 | D:3      | Noticed Crazy Yiuf
  1353 | D:3      | Paralysed by Crazy Yiuf for 5 turns
  1362 | D:3      | Killed Crazy Yiuf
  1591 | D:3      | Reached skill level 2 in Unarmed Combat
  1894 | D:3      | Found a basalt altar of Yredelemnul.
  2270 | D:4      | Reached skill level 1 in Stealth
  2329 | D:4      | Found an ancient bone altar of Kikubaaqudgha.
  2370 | D:4      | Reached XP level 6. HP: 50/57 MP: 5/5
  2469 | D:4      | Reached skill level 3 in Unarmed Combat
  2640 | D:4      | Found a sparkling altar of Nemelex Xobeh.
  3053 | D:4      | Found a burning altar of Makhleb.
  3196 | D:5      | Entered Level 5 of the Dungeon
  3215 | D:5      | Noticed Edmund
  3221 | D:5      | Killed Edmund
  3221 | D:5      | Reached skill level 4 in Unarmed Combat
  3221 | D:5      | Reached XP level 7. HP: 55/65 MP: 6/6
  3414 | D:5      | Found a staircase to the Ecumenical Temple.
  3415 | D:5      | Reached skill level 5 in Unarmed Combat
  3522 | Temple   | Entered the Ecumenical Temple
  3577 | Temple   | Became a worshipper of Warmaster Okawaru
  3677 | D:5      | Reached skill level 5 in Throwing
  3864 | D:5      | Reached XP level 8. HP: 64/72 MP: 7/7
  3898 | D:5      | Found an ornate altar of the Wu Jian Council.
  3899 | D:5      | Found a stormy altar of Qazlal.
  3961 | D:5      | Reached * piety under Okawaru
  3961 | D:5      | Reached skill level 6 in Unarmed Combat
  4248 | D:6      | Reached skill level 7 in Unarmed Combat
  4386 | D:6      | Reached ** piety under Okawaru
  4386 | D:6      | Reached XP level 9. HP: 77/79 MP: 8/8
  4410 | D:6      | Found a bloodstained altar of Trog.
  4607 | D:6      | Found a shattered altar of Ashenzari.
  4814 | D:7      | Reached skill level 8 in Unarmed Combat
  4896 | D:7      | Noticed Pikel
  4916 | D:7      | Killed Pikel
  4916 | D:7      | Reached skill level 5 in Dodging
  5020 | D:7      | Noticed Maggie
  5041 | D:7      | Killed Maggie
  5041 | D:7      | Reached skill level 9 in Unarmed Combat
  5069 | D:7      | Found a sand-covered staircase.
  5074 | Ossuary  | Entered an ossuary
  5085 | Ossuary  | Reached *** piety under Okawaru
  5591 | D:7      | Found a hide-covered altar of Uskayaw.
  5686 | D:7      | Found a radiant altar of Vehumet.
  5733 | D:7      | Noticed Menkaure
  5745 | D:7      | Killed Menkaure
  5749 | D:7      | Reached XP level 10. HP: 32/88 MP: 9/9
  5774 | D:7      | Reached skill level 5 in Shields
  5956 | D:7      | Reached skill level 10 in Unarmed Combat
  6170 | D:7      | Reached **** piety under Okawaru
  6350 | D:8      | Noticed IHuginn's ghost (novice HOFi)
  6355 | D:8      | Found a transporter.
  6445 | D:8      | Found a transporter.
  6771 | D:8      | Received a gift from Okawaru
  6775 | D:8      | Found a bloodstained altar of Trog.
  7043 | D:8      | Learned a level 1 spell: Foxfire
  7229 | D:9      | Found a staircase to the Lair.
  7358 | D:9      | Received a gift from Okawaru
  7773 | D:10     | Entered Level 10 of the Dungeon
  7800 | D:10     | Received a gift from Okawaru
  7800 | D:10     | Reached skill level 11 in Unarmed Combat
  7844 | D:10     | Found an ornate altar of the Wu Jian Council.
  7976 | D:10     | Noticed Joseph
  7989 | D:10     | Killed Joseph
  7989 | D:10     | Received a gift from Okawaru
  8133 | D:10     | Reached XP level 11. HP: 94/94 MP: 10/10
  8282 | D:10     | Noticed a wizard
  8283 | D:10     | Paralysed by a wizard for 4 turns
  8284 | D:10     | Noticed a deep elf mage
  8289 | D:10     | Noticed a wizard
  8292 | D:10     | Killed a deep elf mage
  8292 | D:10     | Received a gift from Okawaru
  8292 | D:10     | Paralysed by a wizard for 5 turns
  8306 | D:10     | Killed a wizard
  8306 | D:10     | Reached ***** piety under Okawaru
  8312 | D:10     | Killed a wizard
  8392 | D:10     | Identified the Incunabulum of Sand
  8405 | D:10     | Identified the Compendium of Combed Thunderclap
  8455 | D:10     | Noticed a deep elf mage
  8460 | D:10     | Killed a deep elf mage
  8475 | D:10     | Identified Sif Muna's Compendium of Dhcmrlchtdj
  8615 | D:11     | Noticed Erolcha
  8620 | D:11     | Killed Erolcha
  8620 | D:11     | Received a gift from Okawaru
  8620 | D:11     | Reached skill level 12 in Unarmed Combat
  8886 | D:11     | Found a frozen archway.
  8912 | IceCv    | Entered an ice cave
  9494 | IceCv    | Reached skill level 13 in Unarmed Combat
  9505 | IceCv    | Reached XP level 12. HP: 92/104 MP: 11/11
  9677 | IceCv    | Noticed a frost giant
  9714 | IceCv    | Slain by a frost giant

Illustrated notes

Levels and vault maps discovered:
D:1:      minmay_arrival_four_houses, layout_loops_cross, kennysheep_minor_cross
D:2:      layout_basic, nicolae_overflow_crystal_walls
D:3:      layout_loops_cross, old_standard_altar, uniq_crazy_yiuf_cottage
D:4:      layout_loops_corners, lemuel_round_altar, makhleb_blood_cavern_becter,
          first_ration, nemelex_lonely_heart_becter
D:5:      cheibrodos_barr_body, layout_rooms, nicolae_overflow_hidden_temple,
          temple_fountains, uniq_edmund
D:6:      layout_loops_ring, ashenzari_altar_1, basic_altar, minivault_1,
          kennysheep_generic_room_3
D:7:      layout_layer_cave, vehumet_crystals, basic_altar, enter_ossuary_5,
          grunt_ogre_cave, lightli_orcish_oven, uniq_maggie, uniq_pikel,
          uniq_menkaure
D:8:      layout_loops_ring, gammafunk_ghost_smash, trog_three_pillars_becter
D:9:      layout_loops_cross, dpeg_oklobed_lair, minmay_misc_feat_pillars
D:10:     layout_basic, basic_altar, bh_hangedman_babel_library, uniq_joseph
D:11:     layout_rooms, orc_0_dummy, portal_ice_cave_rime, serial_glass,
          glass_columns_b, glass_columns_b, uniq_erolcha
Temple:   cyrus_circular_temple
IceCv:    ice_cave_small_giant

Skill      XL: |  1  2  3  4  5  6  7  8  9 10 11 12 |
---------------+-------------------------------------+-----
Throwing       | 4 5 6 7 |  7.8
Dodging        | 2 3 4 5 6 7 |  7.0
Shields        | 1 2 4 6 7 |  7.6
Unarmed Combat | 1 2 4 5 7 9 11 13 | 13.2
Stealth        | 1 |  1.0
Fighting       | 2 |  2.9
Conjurations   | |  0.5

Action                   |  1- 3 |  4- 6 |  7- 9 | 10-12 || total
-------------------------+-------+-------+-------+-------++-------
Melee: Unarmed           |   103 |   199 |   407 |   480 ||  1189
Throw: Large rock        |     9 |    22 |    20 |     3 ||    54
       Throwing net      |       |     2 |     7 |       ||     9
       Dart              |       |       |     1 |    41 ||    42
       Javelin           |       |       |       |    55 ||    55
 Cast: Foxfire           |       |       |       |     2 ||     2
Invok: Heroism           |       |       |       |     6 ||     6
Evoke: Wand              |       |       |       |     3 ||     3
  Use: Scroll            |     1 |    11 |    11 |     6 ||    29
       Potion            |       |       |       |     2 ||     2
 Stab: Sleeping          |     2 |     1 |     1 |     3 ||     7
       Held in net/web   |       |     2 |       |       ||     2
       Distracted        |       |       |     2 |     1 ||     3
  Eat: Chunk             |    14 |    22 |    24 |    36 ||    96
Armor: Robe              |    65 |    69 |    81 |    75 ||   290
       Steam dragon scal |       |       |    18 |    55 ||    73
Dodge: Dodged            |    29 |    49 |   108 |   224 ||   410
Block: Kite shield       |    71 |   103 |   179 |   328 ||   681
